 Dungeon Crawl Stone Soup version 0.19.3-1-g3169bf9 (webtiles) character file.

150 Alarkh the Cudgeler (level 5, -3/54 HPs)
             Began as an Ogre Monk on Jan 25, 2017.
             Slain by an ogre
             ... wielding a +0 giant club
              (13 damage)
             ... on level 5 of the Dungeon.
             The game lasted 00:02:16 (1738 turns).

Alarkh the Cudgeler (Ogre Monk)                     Turns: 1738, Time: 00:02:16

Health: -3/54      AC:  3    Str: 16    XL:     5   Next: 32%
Magic:  5/5        EV: 10    Int: 10    God:
Gold:   112        SH:  0    Dex: 12    Spells: 0 memorised, 4 levels left

rFire  . . .     SeeInvis .     a - +0 mace
rCold  . . .     Gourm    .     b - +0 robe
rNeg   . . .     Faith    .     (no shield)
rPois  .         Spirit   .     (helmet restricted)
rElec  .         Reflect  .     (no cloak)
rCorr  .         Harm     .     (gloves unavailable)
MR     .....                    (boots unavailable)
Stlth  ++........               (no amulet)
                                (no ring)
                                (no ring)

@: very slightly contaminated, hasted, very quick
A: unfitting armour, tough skin 1
a: no special abilities


You were on level 5 of the Dungeon.
You were not hungry.

You visited 1 branch of the dungeon, and saw 5 of its levels.

You collected 112 gold pieces.

Inventory:

Hand Weapons
 a - a +0 mace (weapon)
Armour
 b - a +0 robe (worn)
Wands
 l - a wand of slowing (17/48)
Scrolls
 e - a scroll of identify
 i - a scroll of remove curse {unknown}
 k - a scroll of magic mapping {unknown}
 n - 2 scrolls of amnesia {unknown}
 o - a scroll of teleportation {unknown}
 p - a scroll of enchant armour {unknown}
Potions
 g - a potion of magic
Comestibles
 c - 2 bread rations
 f - 3 meat rations
 m - 5 chunks of flesh
 q - a beef jerky


   Skills:
 - Level 4.0 Fighting
 + Level 7.7 Maces & Flails
 - Level 2.6 Dodging
 - Level 1.4 Stealth


You had 4 spell levels left.
You didn't know any spells.

Dungeon Overview and Level Annotations

Branches:
Dungeon (6/15)
 Temple: D:4-7

Altars:

Annotations:
D:6 Duvessa


Innate Abilities, Weirdness & Mutations

You are too large for most types of armour.
You have tough skin. (AC +1)


Message History

The ogre hits you with a giant club!!
You barely miss the ogre.
The ogre is heavily wounded.
You barely miss the ogre.
The ogre is heavily wounded.
The ogre hits you with a giant club!
* * * LOW HITPOINT WARNING * * *
Okay, then.
You feel better.
You feel better.
You hit the ogre.
The ogre is heavily wounded.
The ogre hits you with a giant club!
* * * LOW HITPOINT WARNING * * *
You hit the ogre but do no damage.
The ogre is heavily wounded.
You hit the ogre.
The ogre is severely wounded.
The ogre hits you with a giant club!
You die...

##.#....#...#.####...#
#......#...#...s....#
##.....#...#.###....#
#.....#...#.....#...
##....#...#..#......
#....####.....##...
#.#### #...## #...
#..# #...# #... ##@##
#.. #... #O.# #. ####
##.# #.# #.# #.. ...
.#.. . ..


You could see an ogre.

Vanquished Creatures
  A crimson imp (D:5)
  Ijyb (D:2)
  A gnoll (D:1)
  3 adders
  A shadow imp (D:5)
  2 leopard geckos
  3 bats (D:1)
  A giant cockroach (D:5)
  10 goblins
  4 hobgoblins (D:1)
  5 kobolds
  A ball python (D:3)
  7 frilled lizards
  6 rats
46 creatures vanquished.

Notes
Turn   | Place    | Note
-------+----------+-------------------------------------------
     0 | D:1      | Alarkh the Ogre Monk began the quest for the Orb.
     0 | D:1      | Reached XP level 1. HP: 24/24 MP: 1/1
    55 | D:1      | Reached XP level 2. HP: 14/32 MP: 2/2
   315 | D:1      | Reached skill level 5 in Maces & Flails
   464 | D:1      | Reached XP level 3. HP: 37/39 MP: 3/3
   915 | D:2      | Noticed Ijyb
   925 | D:2      | Killed Ijyb
   925 | D:2      | Reached skill level 6 in Maces & Flails
   925 | D:2      | Reached XP level 4. HP: 48/48 MP: 4/4
  1578 | D:3      | Reached skill level 7 in Maces & Flails
  1606 | D:3      | You fall through a shaft for 3 floors!
  1612 | D:6      | Noticed Duvessa
  1633 | D:5      | Entered Level 5 of the Dungeon
  1671 | D:5      | Reached XP level 5. HP: 43/54 MP: 5/5
  1681 | D:5      | Noticed a sky beast
  1720 | D:5      | Noticed an ogre
  1738 | D:5      | Slain by an ogre

Skill      XL: |  1  2  3  4 |
---------------+-------------+-----
Maces & Flails | 5 6 7 |  7.7
Fighting       | |  4.0
Dodging        | |  2.6
Stealth        | |  1.4

Action                   |  1- 3 |  4- 6 || total
-------------------------+-------+-------++-------
Melee: Mace              |   104 |    95 ||   199
  Use: Scroll            |     2 |       ||     2
       Potion            |       |     5 ||     5
 Stab: Sleeping          |       |     2 ||     2
  Eat: Chunk             |       |     3 ||     3
Armor: Robe              |    41 |    13 ||    54
Dodge: Dodged            |    90 |    35 ||   125
